 Dungeon Crawl Stone Soup version 0.11.0-9-gb634444 (webtiles) character file.

2525 LTR the Slicer (level 9, -1/54 HPs)
             Began as a Kobold Berserker on Feb 5, 2013.
             Was a High Priest of Trog.
             Slain by an ogre
             ... wielding a +0,+0 giant club
              (13 damage)
             ... on Level 7 of the Dungeon on Feb 6, 2013.
             The game lasted 01:56:02 (9694 turns).

LTR the Slicer (Kobold Berserker)                   Turns: 9694, Time: 01:56:02

HP  -1/54        AC  8     Str 17      XL: 9   Next: 71%
MP   8/8         EV 18     Int  5      God: Trog [*****.]
Gold 175         SH  0     Dex 17      Spells:  0 memorised,  8 levels left

Res.Fire  : . . .   See Invis. : .   z - +0,+1 dwarf sabre
Res.Cold  : . . .   Warding    : .   i - +2 leather armour {rN+}
Life Prot.: + . .   Conserve   : .   (no shield)
Res.Poison: .       Res.Corr.  : .   (no helmet)
Res.Elec. : .       Clarity    : .   k - +0 cloak
Sust.Abil.: . .     Spirit.Shd : .   y - +1 pair of gauntlets
Res.Mut.  : .       Stasis     : .   (no boots)
Res.Rott. : .       Ctrl.Telep.: .   m - amulet of faith
Saprovore : + + .   Levitation : .   (no ring) Ctrl.Flight: .
                                     (no ring)

@: regenerating, very resistant to hostile enchantments, unstealthy
A: disease resistance, carnivore 3, saprovore 2
a: Burn Spellbooks, Berserk, Trog's Hand, Brothers in Arms, Renounce Religion


You were on level 7 of the Dungeon.
You worshipped Trog.
Trog was extremely pleased with you.
You were completely stuffed.

You visited 1 branch of the dungeon, and saw 7 of its levels.

You collected 155 gold pieces.

Inventory:

Hand weapons
 j - a +2,-1 dagger of protection
 v - a +1,-3 elven dagger of venom
 z - a +0,+1 dwarven sabre (weapon)
Missiles
 h - 7 curare-tipped needles
 o - 6 darts (quivered)
Armour
 d - the -4 robe of Good Intentions {Stlth+}
   (You took it off an orc on level 6 of the Dungeon)

   It makes you more stealthy.
 i - a +2 leather armour of positive energy (worn)
 k - a +0 cloak (worn)
 y - a +1 pair of gauntlets (worn)
Magical devices
 t - a wand of lightning (7)
Comestibles
 c - 2 meat rations
Scrolls
 a - a scroll of recharging
 e - 2 scrolls of remove curse
 g - 2 scrolls of amnesia
 s - a scroll of magic mapping
 w - a scroll of identify
Jewellery
 m - an amulet of faith (around neck)
 x - an uncursed ring of magical power {unknown}
Potions
 b - a potion of slowing {unknown}
 f - a potion of restore abilities {unknown}
 l - 2 potions of curing
 n - a potion of heal wounds {unknown}
 p - a potion of might {unknown}
 q - a potion of degeneration {unknown}
 r - a potion of paralysis {unknown}
 u - a potion of speed {unknown}


   Skills:
 * Level 5,4 Fighting
 + Level 11,8 Short Blades
   Level 3,0 Maces & Flails
   Level 0,8 Slings
 - Level 1,5 Armour
 - Level 7,1 Dodging
 - Level 0,6 Stealth


You had 8 spell levels left.
You didn't know any spells.

Dungeon Overview and Level Annotations

Branches:
Dungeon (7/27)             Temple (0/1) D:4             Orc (0/4) D:6

Altars:
Cheibriados
Fedhas
Kikubaaqudgha
Okawaru
Trog
Vehumet
Zin

Shops:
D:5: *

Annotations
D:7 Dowan


Innate Abilities, Weirdness & Mutations

You recuperate from illness quickly.
You are small and have problems with some larger weapons.
You are carnivorous and can eat meat at any time.
You can eat rotten meat.


Message History

Use which ability? (? or * to list)
Your two-headed ogre goes berserk!
You feel somewhat less full. Duvessa misses you.
Duvessa hits you with an elven sabre!
* * * LOW HITPOINT WARNING * * *
The ogre barely misses you.
The electric eel shoots out a bolt of electricity!
The bolt of electricity misses you.
Drink which item? (? for menu, Esc to quit)
You feel better.
Your two-headed ogre hits Duvessa with a giant spiked club!
Duvessa dies!
Trog accepts your collateral kill.
Dowan screams, "No!
Oh no!"
Dowan seems to find hidden reserves of power!
Your two-headed ogre hits the fungus with a giant club!
Dowan shakes with grief.
Dowan gestures wildly while chanting.
Dowan blinks!
The ogre hits you with a giant club!
You die...

........... fff≈≈≈≈f.........(.#
.......?.....f≈≈≈≈≈≈.............
..............≈≈≈≈≈≈≈.......<....
..............≈≈≈≈≈≈≈......<.<...
..............≈≈≈≈≈≈.f...%.......
...............≈≈≈≈.f...f........
...........e...f.ff..............
............f.OO.................
|........§.....)@................
...............OO..%.............
........).............#..........
.....................###.........
.#....................#.......#..
..#........f...f.............###.
#.#####.............P........ #..
##.......≈≈≈.......... ....
....PPP≈≈;≈≈≈P...... ....


You could see 3 wandering mushrooms, 3 ogres, Dowan, an electric eel and a
friendly two-headed ogre (berserk).

Vanquished Creatures
  A spriggan (D:7)
  2 sky beasts (D:6)
  An ice beast (D:6)
  An orc warrior (D:6)
  A giant goldfish (D:7)
  A phantom (D:6)
  An ogre (D:5)
  3 centaurs
  2 giant frogs (D:7)
  A gnoll sergeant (D:6)
  The ghost of Lomky the Shooter, a weakling CeHu (D:3)
  2 jellyfish (D:7)
  A wight (D:2)
  2 crimson imps (D:6)
  A quasit (D:5)
  A scorpion (D:4)
  A gnoll shaman (D:6)
  2 hounds
  A big fish (D:7)
  2 orc priests
  A hound zombie (D:6)
  An iguana (D:4)
  6 worker ants
  4 jellies
  6 adders
  10 gnolls (D:6)
  A giant mite (D:2)
  2 adder skeletons
  A worm (D:6)
  2 giant eyeballs
  3 giant geckos
  An ooze (D:4)
  27 orcs
  7 goblins
  17 hobgoblins
  2 jackals (D:2)
  8 kobolds
  8 bats
  7 giant cockroaches
  10 giant newts
  5 quokkas
  10 rats
  A rat skeleton (D:4)
  A toadstool (D:6)
169 creatures vanquished.

Vanquished Creatures (collateral kills)
  Duvessa (D:7)
1 creature vanquished.

Vanquished Creatures (others)
  A centaur (D:7)
  2 orcs (D:6)
  A kobold (D:5)
  A ball python (D:5)
  A giant spore (D:7)
  A rat (D:5)
  A ballistomycete (D:7)
  A fungus (D:7)
9 creatures vanquished.

Grand Total: 179 creatures vanquished

Notes
Turn   | Place    | Note
--------------------------------------------------------------
     0 | D:1      | LTR, the Kobold Berserker, began the quest for the Orb.
     0 | D:1      | Reached XP level 1. HP: 14/14 MP: 0/0
   403 | D:1      | Reached XP level 2. HP: 19/19 MP: 1/1
  1057 | D:2      | Reached skill level 1 in Short Blades
  1142 | D:2      | Found a snail-covered altar of Cheibriados.
  1171 | D:2      | Reached XP level 3. HP: 24/24 MP: 2/2
  1765 | D:2      | Acquired Trog's second power
  1891 | D:2      | Reached skill level 4 in Short Blades
  1891 | D:2      | Reached XP level 4. HP: 16/28 MP: 3/3
  2502 | D:2      | You fall through a shaft!
  2511 | D:3      | Found a blossoming altar of Fedhas.
  2656 | D:3      | Noticed Lomky's ghost (weakling CeHu)
  2677 | D:3      | Killed Lomky's ghost
  2677 | D:3      | Reached skill level 5 in Short Blades
  2677 | D:3      | Reached XP level 5. HP: 33/33 MP: 4/4
  2710 | D:3      | Found an iron altar of Okawaru.
  2950 | D:3      | Reached skill level 6 in Short Blades
  2981 | D:3      | Found a bloodstained altar of Trog.
  2987 | D:3      | Reached XP level 6. HP: 27/38 MP: 5/5
  3455 | D:4      | Found a radiant altar of Vehumet.
  3694 | D:4      | Reached skill level 7 in Short Blades
  3760 | D:4      | Found a staircase to the Ecumenical Temple.
  4984 | D:5      | Entered Level 5 of the Dungeon
  5158 | D:5      | Reached skill level 8 in Short Blades
  5217 | D:5      | Reached XP level 7. HP: 21/42 MP: 6/6
  5333 | D:5      | Acquired Trog's third power
  5333 | D:5      | Reached skill level 9 in Short Blades
  5384 | D:5      | Found Khiach's Assorted Antiques.
  5675 | D:5      | Paralysed by a giant eyeball for 4 turns
  5684 | D:5      | Paralysed by a giant eyeball for 3 turns
  5899 | D:6      | Reached skill level 10 in Short Blades
  5905 | D:6      | Reached XP level 8. HP: 48/48 MP: 7/7
  5999 | D:5      | HP: 2/48 [poisoned by a gnoll]
  7260 | D:6      | Found an ancient bone altar of Kikubaaqudgha.
  7597 | D:6      | Found a glowing silver altar of Zin.
  7640 | D:6      | Got a slimy robe
  7689 | D:6      | Identified the cursed -4 robe of Good Intentions (You took it off an orc on level 6 of the Dungeon)
  7699 | D:6      | Reached skill level 5 in Dodging
  8537 | D:6      | Reached XP level 9. HP: 52/52 MP: 8/8
  8791 | D:6      | Found a snail-covered altar of Cheibriados.
  9096 | D:6      | Reached skill level 11 in Short Blades
  9251 | D:6      | Found a staircase to the Orcish Mines.
  9255 | D:6      | Paralysed by a giant eyeball for 4 turns
  9508 | D:7      | Noticed a wandering mushroom
  9514 | D:7      | Noticed a wandering mushroom
  9517 | D:7      | Noticed a spriggan baker
  9529 | D:7      | Killed a spriggan baker
  9529 | D:7      | Reached skill level 5 in Fighting
  9581 | D:7      | Noticed a wandering mushroom
  9677 | D:7      | Noticed Dowan
  9679 | D:7      | Noticed Duvessa
  9694 | D:7      | Killed Duvessa
  9694 | D:7      | Slain by an ogre
